 Dungeon Crawl Stone Soup version 0.23.1-37-gaa34b87 (webtiles) character file.

Game seed: 0

108781 misha the Severer (level 16, -4/235 HPs)
             Began as a Minotaur Fighter on Mar 19, 2019.
             Was a High Priest of Trog.
             Splashed by an oklob plant's acid (11 damage)
             ... on level 6 of the Lair of Beasts on Mar 20, 2019.
             The game lasted 02:03:38 (34719 turns).

misha the Severer (Minotaur Fighter)               Turns: 34719, Time: 02:03:39

Health: -4/235     AC:  4    Str: 31    XL:     16   Next: 3%
Magic:  15/15      EV:  9    Int:  5    God:    Trog [*****.]
Gold:   1936       SH: 15    Dex: 18    Spells: 15/15 levels left

rFire    . . .     SeeInvis .   E - +4 broad axe (flame)
rCold    . . .     Gourm    +   O - +0 shield
rNeg     . . .     Faith    .   V - +4 chain mail "Jumit" {rElec}
rPois    .         Spirit   .   x - +0 hat {MR+}
rElec    +         Reflect  .   t - +0 cloak
rCorr    .         Harm     .   y - +0 pair of gloves
MR       ++...                  G - +0 pair of boots
Stlth    ..........             u - amulet of the gourmand
HPRegen  0.49/turn              j - +3 ring of protection
MPRegen  0.14/turn              c - +6 ring of dexterity

@: berserking, about to teleport, corroded, very quick
A: retaliatory headbutt, horns 2
a: Berserk, Trog's Hand, Brothers in Arms, Renounce Religion


You were on level 6 of the Lair of Beasts.
You worshipped Trog.
Trog was extremely pleased with you.
You were not hungry.

You visited 2 branches of the dungeon, and saw 21 of its levels.
You also visited: Sewer.

You collected 1936 gold pieces.

Inventory:

Hand Weapons
 B - the +9 battleaxe of False Hope {chop, Dex+5}
   (You took it off an orc warrior on level 6 of the Dungeon)

   It inflicts extra damage upon your enemies.
   It affects your dexterity (+5).
 E - a +4 broad axe of flaming (weapon)
Missiles
 g - 76 poisoned needles
 H - 8 tomahawks of dispersal
 I - 24 tomahawks (quivered)
 J - 2 throwing nets
 S - 3 javelins
 T - 4 javelins of returning
Armour
 t - a +0 cloak (worn)
 x - a +0 hat of magic resistance (worn)
 y - a +0 pair of gloves (worn)
 G - a +0 pair of boots (worn)
 O - a +0 shield (worn)
 V - the +4 chain mail "Jumit" (worn) {rElec}
   (You took it off an orc warrior on level 6 of the Dungeon)

   It insulates you from electricity.
Jewellery
 b - an uncursed ring of see invisible
 c - a +6 ring of dexterity (right hand)
 e - the ring of Hengilih {+Fly rF+++ rC+ MR- MP+9}
   (You found it on level 2 of the Lair of Beasts)

   [ring of magical power]

   It renders you almost immune to fire.
   It protects you from cold.
   It affects your resistance to hostile enchantments.
   It affects your magic capacity (+9).
   It lets you fly.
 j - a +3 ring of protection (left hand)
 o - a +2 ring of strength
 p - an uncursed ring of protection from cold
 u - an amulet of the gourmand (around neck)
 Y - an uncursed ring of positive energy
Wands
 d - a wand of random effects (54)
 K - a wand of digging (3)
 R - a wand of iceblast (11)
 W - a wand of flame (8)
 Z - a wand of disintegration (16)
Scrolls
 h - 7 scrolls of teleportation
 i - 5 scrolls of fog
 k - 12 scrolls of remove curse
 l - 3 scrolls of enchant armour
 m - 6 scrolls of magic mapping
 r - a scroll of identify
 s - 3 scrolls of blinking
 D - 3 scrolls of immolation
 P - a scroll of fear
Potions
 n - 2 potions of curing
 q - 4 potions of brilliance
 v - 10 potions of flight
 w - 6 potions of agility
 z - 2 potions of ambrosia
 A - 3 potions of berserk rage
 C - 2 potions of resistance
 F - 2 potions of lignification
 L - 3 potions of haste
 N - 3 potions of invisibility
 Q - 5 potions of mutation
 X - a potion of heal wounds
Miscellaneous
 a - 2 sacks of spiders
 M - a lamp of fire
 U - a phantom mirror
Comestibles
 f - 20 rations


   Skills:
 + Level 18.0 Fighting
 - Level 20.6 Axes
 + Level 12.0 Armour
 - Level 15.0 Shields


You had 15 spell levels left.
You didn't know any spells.
Your spell library was empty.

Dungeon Overview and Level Annotations

Branches:
Dungeon (15/15)            Temple (0/1) D:7            Lair (6/6) D:10
  Swamp (0/4) Lair:3       Spider (0/4) Lair:4        Slime (0/5) Lair:5
    Orc (0/2) D:12         Vaults (0/5) D:14         Depths (0/5) D:15

Altars:
Cheibriados
Dithmenos
Elyvilon
Fedhas
Kikubaaqudgha
Nemelex Xobeh
Qazlal
Trog
Uskayaw
Vehumet
Wu Jian
Xom
The Shining One
Beogh
Jiyva

Shops:
D:4 }   D:12 *

Annotations:
Lair:6 exclusion: 3 oklob plants


Innate Abilities, Weirdness & Mutations

You reflexively headbutt those who attack you in melee.
You have a pair of horns on your head.


Message History

The oklob plant is heavily damaged.
You slash the oklob plant! You burn the oklob plant.
The oklob plant spits acid at you. The splash of acid hits you!
* * * LOW HITPOINT WARNING * * *
You are splashed with acid!
* * * LOW HITPOINT WARNING * * *
You hit the oklob plant. You burn the oklob plant.
You headbutt the oklob plant.
The oklob plant is severely damaged.
You hit the oklob plant but do no damage.
You slice the oklob plant!! You burn the oklob plant.
You destroy the oklob plant!
Trog accepts your kill.
You hit the oklob plant. You burn the oklob plant.
The oklob plant spits acid at you. The splash of acid hits you!
* * * LOW HITPOINT WARNING * * *
The acid corrodes you!
You are splashed with acid!
You die...

..........#..###
..............#
....#....P.#.##
P..#.........#######
.................[.#
#..............P.!.#
....P....##...P=(:.#
...:#........P.(P..#
....P...........@..#
...P.........#######
...............#
.....#.####....#
....#.## ##...##
.....## #....##
....## ##....# ....#
#.....# ....##
#....##


You could see 3 oklob plants.

Vanquished Creatures
  Rupert (D:13)
  Gastronok (D:8)
  A deep elf annihilator (D:14)
  Azrael (D:13)
  A fire dragon (D:15)
  Josephine (D:12)
  An ogre mage (D:15)
  A rakshasa (D:15)
  3 vault guards (D:14)
  8 hydras
  Erica (D:8)
  A death knight (D:14)
  5 catoblepae
  8 centaur warriors
  2 alligators (D:15)
  13 two-headed ogres
  5 death yaks (Lair:6)
  Sonja (Lair:5)
  A fire crab (Lair:5)
  2 unseen horrors
  A wizard (D:15)
  An oklob plant (Lair:6)
  The ghost of night the Zephyrmancer, a novice BaAE of Vehumet (D:6)
  4 wolf spider zombies
  2 wolf spiders
  4 ugly things
  2 orc knights (D:15)
  4 deep elf magi
  6 elephants
  6 manticores
  4 cyclopes
  An ice statue (D:11)
  6 torpor snails (Lair:6)
  Joseph (D:8)
  An eye of devastation (Lair:5)
  3 centaur zombies
  8 komodo dragons
  6 black mambas
  11 spiny frogs
  A rime drake (Lair:4)
  An efreet (D:15)
  5 ice devils (D:11)
  4 jumping spiders (Lair:4)
  A hornet (D:11)
  6 trolls
  4 polar bears
  A harpy skeleton (D:15)
  9 blink frogs
  6 hippogriffs
  9 slime creatures
  A slime creature (shapeshifter) (D:15)
  A shadow (D:15)
  A vampire (D:11)
  A spriggan (Lair:4)
  4 redbacks (Lair:4)
  9 humans (D:14)
  7 wraiths
  4 wyverns
  4 fire elementals (D:13)
  A steam dragon (D:8)
  5 basilisks
  61 yaks
  Grum (D:9)
  3 fire bats (Lair:5)
  3 hungry ghosts
  2 wargs
  4 vampire mosquitoes (D:13)
  A soldier ant (D:14)
  4 hell hounds
  An acid dragon (D:13)
  10 water moccasins
  8 porcupines
  2 eyes of draining
  12 orc warriors
  A hornet zombie (D:11)
  7 ice beasts
  2 black bears
  2 phantoms
  4 sky beasts
  10 centaurs
  11 ogres
  8 wolves
  8 crocodiles
  6 big kobolds
  20 bullfrogs
  2 gnoll sergeants
  3 scorpions
  2 wyvern skeletons
  22 killer bees
  13 wights
  3 electric eels
  4 howler monkeys
  7 crimson imps
  A quasit (D:13)
  5 bullfrog zombies
  10 hounds
  5 centaur skeletons
  7 jellies
  11 orc priests
  6 bullfrog skeletons
  13 orc wizards
  Crazy Yiuf (D:2)
  Jessica (D:2)
  Ijyb (D:4)
  9 iguanas
  12 worker ants
  2 hell rats (D:15)
  2 hound skeletons
  A howler monkey zombie (D:10)
  Robin (D:2)
  11 gnolls
  9 adders
  4 river rats (D:15)
  3 shadow imps
  7 ufetubi (D:11)
  8 oozes
  An adder zombie (D:9)
  An adder skeleton (D:4)
  5 worms
  2 dart slugs
  7 leopard geckos
  58 orcs
  7 giant cockroaches
  17 goblins
  10 hobgoblins
  19 jackals
  7 quokkas
  2 ball pythons (Sewer)
  8 bats
  9 frilled lizards
  A jackal skeleton (D:4)
  27 kobolds
  A quokka zombie (D:5)
  16 rats
  4 fungi
  7 plants
801 creatures vanquished.

Vanquished Creatures (collateral kills)
  The ghost of Karim the Grappler, a journeyman TrCK of Jiyva (Lair:5)
  A death ooze (Lair:5)
  A two-headed ogre (D:9)
  The ghost of poirepourri the Basher, a novice GrFi of Cheibriados (D:9)
  A slime creature (Lair:5)
  An orange crystal statue (D:11)
  An ogre (D:9)
  2 jellies (Lair:5)
9 creatures vanquished.

Vanquished Creatures (others)
  9 fungi
  8 plants
17 creatures vanquished.

Grand Total: 827 creatures vanquished

Notes
Turn   | Place    | Note
-------+----------+-------------------------------------------
     0 | D:1      | misha the Minotaur Fighter began the quest for the Orb.
     0 | D:1      | Reached XP level 1. HP: 19/19 MP: 0/0
   133 | D:1      | Reached XP level 2. HP: 27/27 MP: 1/1
   137 | D:1      | Reached skill level 3 in Axes
   348 | D:1      | You fall through a shaft!
   372 | D:2      | Noticed Robin
   494 | D:2      | Reached XP level 3. HP: 33/33 MP: 2/2
   578 | D:2      | Found a runed translucent door.
   579 | D:2      | Noticed Crazy Yiuf
  1063 | D:1      | Reached skill level 4 in Axes
  1295 | D:2      | Reached XP level 4. HP: 36/40 MP: 3/3
  1476 | D:2      | Noticed Jessica
  1479 | D:2      | Killed Jessica
  1641 | D:2      | Killed Robin
  1836 | D:2      | Reached XP level 5. HP: 47/47 MP: 4/4
  2041 | D:2      | Killed Crazy Yiuf
  2041 | D:2      | Reached skill level 5 in Axes
  2099 | D:3      | Found a white marble altar of Elyvilon.
  2145 | D:3      | Found a glowing drain.
  2169 | Sewer    | Entered a sewer
  2394 | Sewer    | Reached skill level 5 in Fighting
  2394 | Sewer    | Reached skill level 5 in Shields
  2396 | Sewer    | Reached XP level 6. HP: 30/56 MP: 5/5
  2403 | Sewer    | Reached skill level 6 in Axes
  2717 | Sewer    | Reached XP level 7. HP: 51/62 MP: 6/6
  2932 | D:3      | Found a hide-covered altar of Uskayaw.
  2932 | D:3      | Noticed a +0 dagger
  2933 | D:3      | Noticed a +0 hand axe
  3319 | D:4      | Found Qovimm's Gadget Emporium.
  3361 | D:4      | Reached skill level 7 in Axes
  4098 | D:4      | Noticed Ijyb
  4118 | D:4      | Killed Ijyb
  4195 | D:5      | Entered Level 5 of the Dungeon
  4195 | D:5      | Found a shadowy altar of Dithmenos.
  4204 | D:5      | Reached skill level 8 in Axes
  4308 | D:5      | Reached XP level 8. HP: 71/71 MP: 7/7
  4579 | D:5      | Found an ornate altar of the Wu Jian Council.
  4681 | D:5      | Found a bloodstained altar of Trog.
  4696 | D:5      | Reached skill level 9 in Axes
  4701 | D:5      | Became a worshipper of Trog the Wrathful
  4924 | D:6      | Found a blossoming altar of Fedhas.
  4990 | D:6      | Found an ancient bone altar of Kikubaaqudgha.
  5262 | D:6      | Reached skill level 10 in Axes
  6044 | D:6      | Found a runed translucent gate.
  6044 | D:6      | Noticed night's ghost (novice BaAE)
  6045 | D:6      | Found a runed translucent gate.
  6045 | D:6      | Identified the +9 battleaxe of False Hope {chop, Dex+5}
  6045 | D:6      | Identified the +4 chain mail "Jumit" {rElec}
  6046 | D:6      | Found a runed translucent gate.
  6047 | D:6      | Found a roughly hewn altar of Beogh.
  6355 | D:7      | Reached XP level 9. HP: 40/81 MP: 8/8
  6582 | D:7      | Found a staircase to the Ecumenical Temple.
  7150 | D:8      | Noticed Gastronok
  7186 | D:8      | Reached * piety under Trog
  7204 | D:8      | Killed Gastronok
  7204 | D:8      | Reached skill level 12 in Axes
  7204 | D:8      | Reached XP level 10. HP: 34/91 MP: 9/9
  7925 | D:8      | Noticed Erica
  7948 | D:8      | Killed Erica
  8209 | D:8      | Found a sparkling altar of Nemelex Xobeh.
  8326 | D:8      | Reached skill level 10 in Fighting
  8326 | D:8      | Reached skill level 10 in Shields
  8355 | D:8      | Reached skill level 13 in Axes
  8467 | D:8      | Found a radiant altar of Vehumet.
  8616 | D:8      | Noticed Joseph
  8633 | D:8      | Killed Joseph
  9023 | D:9      | Noticed Grum
  9329 | D:9      | Killed Grum
  9701 | D:9      | Found a transporter.
  9703 | D:9      | Noticed poirepourri's ghost (novice GrFi)
  9706 | D:9      | Noticed a two-headed ogre
  9708 | D:9      | Identified the +0 dire flail of Esikho {holy, rF+ Str+4}
  9708 | D:9      | Identified the +4 great mace of Foul Odors {flame, Int+4}
  9708 | D:9      | Noticed a two-headed ogre
  9712 | D:9      | Found a transporter.
  9739 | D:9      | Reached ** piety under Trog
 10334 | D:7      | Found a shimmering altar of Xom.
 10334 | D:7      | Found a glowing golden altar of the Shining One.
 10931 | D:9      | Reached XP level 11. HP: 101/101 MP: 10/10
 11053 | D:9      | Reached skill level 14 in Axes
 11933 | D:9      | Reached *** piety under Trog
 12083 | D:10     | Entered Level 10 of the Dungeon
 12456 | D:10     | Noticed an unseen horror
 12457 | D:10     | Found a staircase to the Lair.
 12460 | D:10     | Noticed a two-headed ogre
 12480 | D:10     | Killed an unseen horror
 12483 | D:10     | Killed a two-headed ogre
 12852 | D:10     | Reached skill level 15 in Axes
 14166 | D:6      | Killed night's ghost
 14189 | D:6      | Reached **** piety under Trog
 14695 | D:11     | Paralysed by a hornet for 2 turns
 15286 | D:11     | Reached XP level 12. HP: 36/112 MP: 11/11
 15669 | D:11     | Reached skill level 16 in Axes
 16095 | D:11     | Noticed a five-headed hydra
 16108 | D:11     | Killed an 11-headed hydra
 16195 | D:11     | Reached ***** piety under Trog
 16969 | D:9      | Killed poirepourri's ghost
 16969 | D:9      | Received a gift from Trog
 16971 | D:9      | Killed a two-headed ogre
 16971 | D:9      | Killed a two-headed ogre
 17266 | D:12     | Found Urphacall's Changing Room.
 17425 | D:12     | Found a staircase to the Orcish Mines.
 17447 | D:12     | Noticed Josephine
 17468 | D:12     | Reached skill level 17 in Axes
 17479 | D:12     | Killed Josephine
 17526 | D:12     | Upgraded the game from 0.23.1 to 0.23.1-37-gaa34b87
 17787 | D:12     | Found a stormy altar of Qazlal.
 17798 | D:12     | Noticed a two-headed ogre
 17810 | D:12     | Killed a two-headed ogre
 18093 | D:13     | Noticed a two-headed ogre
 18102 | D:12     | Killed a two-headed ogre
 18363 | D:13     | Noticed a centaur warrior
 18475 | D:13     | Reached XP level 13. HP: 86/122 MP: 12/12
 19486 | D:13     | Reached skill level 18 in Axes
 20034 | D:14     | Noticed Rupert
 20360 | D:13     | Received a gift from Trog
 20367 | D:13     | Killed Rupert
 20806 | D:14     | Noticed Azrael
 21143 | D:13     | Killed Azrael
 21809 | D:15     | Entered Level 15 of the Dungeon
 21809 | D:15     | Found an ornate altar of the Wu Jian Council.
 21809 | D:15     | Noticed a fire dragon
 22117 | D:14     | Reached skill level 19 in Axes
 22695 | D:14     | Reached XP level 14. HP: 51/133 MP: 13/13
 23404 | D:14     | Found a gate to the Vaults.
 23766 | D:15     | Received a gift from Trog
 23961 | D:15     | Reached skill level 15 in Fighting
 23961 | D:15     | Reached skill level 15 in Shields
 24617 | D:15     | Reached skill level 20 in Axes
 24728 | D:15     | Reached skill level 5 in Armour
 25958 | D:15     | Found a staircase to the Depths.
 25963 | D:15     | Reached ****** piety under Trog
 27111 | Lair:1   | Entered Level 1 of the Lair of Beasts
 27172 | Lair:1   | Received a gift from Trog
 27795 | Lair:1   | Reached XP level 15. HP: 143/143 MP: 14/14
 28384 | Lair:2   | Got a pitted lapis lazuli ring
 28817 | Lair:3   | Found a staircase to the Swamp.
 29018 | Lair:3   | Identified the ring of Hengilih {+Fly rF+++ rC+ MR- MP+9}
                  | (You found it on level 2 of the Lair of Beasts)
 29513 | Lair:4   | Found a hole to the Spider Nest.
 29674 | Lair:4   | Found a shimmering altar of Xom.
 30062 | Lair:4   | Received a gift from Trog
 30922 | Lair:5   | Found a runed translucent gate.
 30922 | Lair:5   | Found a runed translucent gate.
 30922 | Lair:5   | Found a runed translucent gate.
 31097 | Lair:4   | Received a gift from Trog
 31175 | Lair:5   | Found a staircase to the Slime Pits.
 31689 | Lair:5   | Noticed Sonja
 31699 | Lair:5   | Killed Sonja
 31804 | Lair:5   | Reached skill level 10 in Armour
 32078 | Lair:5   | Found a viscous altar of Jiyva.
 32078 | Lair:5   | Noticed Karim's ghost (journeyman TrCK)
 32099 | Lair:5   | Killed Karim's ghost
 32650 | Lair:6   | Entered Level 6 of the Lair of Beasts
 33441 | Lair:6   | Found a snail-covered altar of Cheibriados.
 34124 | Lair:6   | Reached XP level 16. HP: 155/157 MP: 15/15
 34719 | Lair:6   | HP: 7/235 [oklob plant/splash of acid (10)]
 34719 | Lair:6   | Splashed by an oklob plant's acid

Skill      XL: |  1  2  3  4  5  6  7  8  9 10 11 12 13 14 15 16 |
---------------+-------------------------------------------------+-----
Axes           | 3 4 5 6 8 10 12 13 15 17 19 20 | 20.6
Shields        | 4 5 6 7 9 10 12 13 14 15 | 15.0
Fighting       | 4 5 6 7 9 10 12 13 14 15 17 18 | 18.0
Armour         | 7 11 12 | 12.0

Action                   |  1- 3 |  4- 6 |  7- 9 | 10-12 | 13-15 | 16-18 || total
-------------------------+-------+-------+-------+-------+-------+-------++-------
Melee: War axe           |    95 |   128 |   146 |       |       |       ||   369
       Headbutt          |    12 |    17 |    58 |   154 |   328 |     5 ||   574
       Broad axe         |       |       |   153 |   754 |  1100 |    13 ||  2020
Throw: Tomahawk          |       |       |       |       |     4 |       ||     4
Invok: Berserk           |       |       |     1 |    11 |     9 |     1 ||    22
       Brothers in Arms  |       |       |       |     3 |     4 |     1 ||     8
Evoke: Wand              |       |       |       |    22 |     3 |       ||    25
  Use: Scroll            |     3 |       |     7 |       |    27 |     1 ||    38
       Potion            |       |     1 |     8 |     8 |     2 |       ||    19
  Eat: Chunk             |     1 |     4 |     6 |    25 |    37 |       ||    73
       Ration            |       |       |     3 |     7 |     9 |       ||    19
Armor: Scale mail        |    46 |    85 |    94 |    20 |       |       ||   245
       Skin              |       |       |    14 |    31 |       |       ||    45
       Ring mail         |       |       |       |    77 |       |       ||    77
       Chain mail        |       |       |       |   103 |   353 |     6 ||   462
Dodge: Dodged            |    24 |    56 |    83 |   186 |   217 |     2 ||   568
Block: Shield            |    63 |    96 |   110 |       |   249 |     4 ||   522
       Buckler           |       |       |    52 |   293 |   231 |       ||   576
